 Dungeon Crawl Stone Soup version 0.31-a0-532-g28f74ba3e5 (webtiles) character file.

Game seed: 16236931451398902241

119 Crownlay the Stinger (level 5, -2/31 HPs)
             Began as an Octopode Venom Mage on Aug 12, 2023.
             Killed from afar by an orc wizard (9 damage)
             ... with a magic dart
             ... on level 4 of the Dungeon.
             The game lasted 00:05:37 (2931 turns).

Crownlay the Stinger (Octopode Venom Mage)          Turns: 2931, Time: 00:05:38

Health: -2/31      AC:  1    Str:  7    XL:     5   Next: 3%
Magic:  1/8        EV: 13    Int: 20    God:
Gold:   173        SH:  0    Dex: 12    Spells: 5/8 levels left

rFire   x . .        r - +4 short sword
rCold   + . .        (no shield)
rNeg    . . .        (helmet restricted)
rPois   .            (no amulet)
rElec   .            b - ring of ice
rCorr   +            d - ring of resist corrosion
SInv    .            i - +4 ring of slaying
Will    +....        p - ring of willpower
Stlth   +++          (no ring)
HPRegen 0.25/turn    (no ring)
MPRegen 0.11/turn    (no ring)
                     (no ring)

%: no passive effects
@: attractive
A: almost no armour, amphibious, 8 rings, camouflage 1, gelatinous body 1,
(nimble swimmer 1), tentacles
a: no special abilities


You were on level 4 of the Dungeon.
You visited 1 branch of the dungeon, and saw 4 of its levels.

You collected 173 gold pieces.

Inventory:

Hand Weapons
 r - a +4 short sword (weapon)
Jewellery
 b - a ring of ice (left tentacle)
 d - a ring of resist corrosion (right tentacle)
 i - a +4 ring of slaying (on tentacle)
 j - a ring of see invisible
 p - a ring of willpower (on tentacle)
Scrolls
 c - a scroll of identify
 e - a scroll of fear {unknown}
 g - 2 scrolls of immolation
 k - a scroll of teleportation {unknown}
 n - a scroll of revelation {unknown}
 t - a scroll of poison {unknown}
Potions
 a - a potion of magic
 f - a potion of attraction
 h - a potion of lignification {unknown}
 l - a potion of might {unknown}
 m - 2 potions of brilliance
 q - a potion of invisibility {unknown}
 s - a potion of degeneration {unknown}


   Skills:
 - Level 2.0 Dodging
 - Level 2.6 Stealth
 - Level 2.0 Spellcasting
 * Level 1.6 Conjurations
 - Level 1.0 Transmutations
 + Level 1.1 Air Magic
 - Level 6.0 Poison Magic


You had 5 spell levels left.
You knew the following spells:

 Your Spells              Type           Power      Damage    Failure   Level
a - Sting                 Tmut/Pois      64%        1d6       3%          1
b - Poisonous Vapours     Pois/Air       32%        N/A       5%          2

Your spell library contained the following spells:

 Spells                   Type           Power      Damage    Failure   Level
 Olgreb's Toxic Radiance  Pois           26%        N/A       13%         4
 Mephitic Cloud           Conj/Pois/Air  13%        N/A       14%         3


Dungeon Overview and Level Annotations

Branches:
Dungeon (4/15)
 Temple: D:4-7

Altars:


Innate Abilities, Weirdness & Mutations

You cannot wear most types of armour.
You are amphibious.
You can wear up to eight rings at the same time.
Your skin changes colour to match your surroundings (Stealth+).
Your rubbery body absorbs attacks. (AC +1, EV +1)
((You are camouflaged when in or above water. (Stealth+)))
You have tentacles for arms and can constrict up to eight enemies at once.


Message History

The orc wizard mumbles some strange words.
The orc wizard flickers and vanishes!
Deactivating autopickup; reactivate with Ctrl-A.
Casting: Sting (safe; 3% risk of failure)
Confirm with . or Enter, or press ? or * to list all spells.
Aiming: Sting (safe; 3% risk of failure)
Press: ? - help, Shift-Dir - straight line, f - orc
Aim: an orc, wielding a +0 hand axe (74% to hit)
The sting hits the orc.
The orc is poisoned.
The orc is lightly wounded.
Something hits you.
* * * LOW HITPOINT WARNING * * *
You feel better. Something barely misses you.
Casting: Sting (safe; 3% risk of failure)
Confirm with . or Enter, or press ? or * to list all spells.
Aiming: Sting (safe; 3% risk of failure)
Press: ? - help, Shift-Dir - straight line, f/p - orc
Aim: an orc, wielding a +0 hand axe (lightly wounded, poisoned, 74% to hit)
The sting hits something.
Casting: Sting (safe; 3% risk of failure)
Confirm with . or Enter, or press ? or * to list all spells.
Aiming: Sting (safe; 3% risk of failure)
Press: ? - help, Shift-Dir - straight line, f/p - orc
Aim: an orc, wielding a +0 hand axe (heavily wounded, poisoned, 74% to hit)
The sting hits the orc.
The orc looks even sicker.
The orc is almost dead.
You kill the orc!
Something hits you.
* * * LOW HITPOINT WARNING * * *
Casting: Sting (safe; 3% risk of failure)
Confirm with . or Enter, or press ? or * to list all spells.
You don't have enough magic to cast this spell.
Unknown command.
Something hits you.
* * * LOW HITPOINT WARNING * * *
You hit the orc but do no damage. Your grab misses the orc.
You hear some strange, mumbled words.
A magic dart appears from out of thin air!
The magic dart hits you!
You die...

#....<.....#
#....†.....#
#.....)....#
#......>...######
###<..............#
............######
###..........#
#...........#
#.#...#@....#
.###{o.#### #o###
#....o?o. .#..####.
#. ..# ## #.# .# .#


You could see 2 orcs.

Vanquished Creatures
  An orc wizard (D:4)
  2 adders (D:3)
  An ufetubus (D:2)
  A worm (D:4)
  2 dart slugs (D:3)
  6 orcs
  2 ball pythons
  6 endoplasms
  4 giant cockroaches
  2 goblins
  3 hobgoblins
  5 jackals
  A quokka (D:4)
  5 bats
  10 frilled lizards
  10 kobolds
  5 rats
66 creatures vanquished.

Notes
Turn   | Place    | Note
-------+----------+-------------------------------------------
     0 | D:1      | Crownlay the Octopode Venom Mage began the quest for the
                  | Orb.
     0 | D:1      | Reached XP level 1. HP: 11/11 MP: 3/3
   143 | D:1      | Reached skill level 4 in Poison Magic
   266 | D:1      | Reached XP level 2. HP: 17/17 MP: 0/5
   362 | D:1      | Learned a level 2 spell: Poisonous Vapours
   851 | D:1      | You fall into a shaft and drop 1 floor!
  1036 | D:1      | Reached XP level 3. HP: 21/21 MP: 6/6
  1039 | D:1      | Reached skill level 5 in Poison Magic
  1845 | D:3      | Reached XP level 4. HP: 13/27 MP: 2/7
  2048 | D:3      | Reached skill level 6 in Poison Magic
  2595 | D:3      | Reached skill level 1 in Conjurations
  2923 | D:4      | HP: 1/27 [something (2)]
  2925 | D:4      | Reached skill level 1 in Air Magic
  2925 | D:4      | Reached XP level 5. HP: 2/31 MP: 3/8
  2931 | D:4      | Killed from afar by an orc wizard

Illustrated notes

Levels and vault maps discovered:
D:1:      sevenhm_arrival_forest_fort_large_4, layout_loops_cross
D:2:      layout_basic, st_stairs_8
D:3:      layout_loops_corners, lexackson_kobold_supper
D:4:      wad_lake_hut, layout_rooms, nicolae_qazlal_style_of_elements,
          marbit_many_paths, minmay_fractal_squares_diagonal_5

Skill      XL: |  1  2  3  4 |
---------------+-------------+-----
Poison Magic   | 4 5 6 |  6.0
Conjurations   | 1 |  1.6
Air Magic      | 1 |  1.1
Dodging        | |  2.0
Stealth        | |  2.6
Spellcasting   | |  2.0
Transmutations | |  1.0

Action                     |  1- 3 |  4- 6 || total
---------------------------+-------+-------++-------
  Melee: Unarmed           |     8 |       ||     8
         Short sword       |    27 |    35 ||    62
         Constrict         |     6 |     8 ||    14
         Tentacles         |     3 |     3 ||     6
   Cast: Sting             |    22 |    14 ||    36
         Poisonous Vapours |    10 |     5 ||    15
    Use: Scroll            |       |     2 ||     2
         Potion            |       |     3 ||     3
   Stab: Sleeping          |    11 |     5 ||    16
         Distracted        |       |     1 ||     1
 Armour: Skin              |     2 |     2 ||     4
  Dodge: Dodged            |    16 |    10 ||    26

Table legend: (Time is in decaauts)
 A = Elapsed time spent in this place.
 B = Non-inter-level travel time spent in this place.
 C = Inter-level travel time spent in this place.
 D = Time resting spent in this place.
 E = Time spent auto-exploring this place.
 F = Levels seen in this place.
 G = Mean time per level.
                   A        B        C        D        E       F      G
               +--------+--------+--------+--------+--------+-----+--------+
         Total |   2927 |   2837 |     90 |     21 |   2390 |   4 |  731.8 |
       Dungeon |   2927 |   2837 |     90 |     21 |   2390 |   4 |  731.8 |
               +--------+--------+--------+--------+--------+-----+--------+

Top non-repeatable levels by time:
     D:3: 1214 daAuts
     D:1: 1070 daAuts
     D:2: 589 daAuts
     D:4: 52 daAuts
